 Dungeon Crawl Stone Soup version 0.25-a0-287-g56a5b49892 (webtiles) character file.

Game seed: 18168983369669728138, levelgen mode: deterministic

53 Henning the Skirmisher (level 3, -3/24 HPs)
             Began as a Gargoyle Fighter on Dec 12, 2019.
             Slain by Natasha (4 damage)
             ... on level 2 of the Dungeon.
             The game lasted 00:02:07 (1028 turns).

Henning the Skirmisher (Gargoyle Fighter)           Turns: 1028, Time: 00:02:08

Health: -3/24      AC: 13    Str: 20    XL:     3   Next: 89%
Magic:  3/3        EV:  7    Int:  8    God:
Gold:   34         SH:  9    Dex:  9    Spells: 2/2 levels left

rFire    . . .     SeeInvis +   a - +0 flail
rCold    . . .     Gourm    .   c - +0 shield
rNeg     + . .     Faith    .   b - +0 scale mail
rPois    ∞         Spirit   .   e - +0 helmet
rElec    +         Reflect  .   (no cloak)
rCorr    .         Harm     .   (no gloves)
MR       .....                  (no boots)
Stlth    ..........             (no amulet)
HPRegen  0.08/turn              m - +2 ring of protection
MPRegen  0.08/turn              n - ring of see invisible

@: slowed, very slow
A: negative energy resistance 1, electricity resistance, unbreathing,
petrification resistance, rot immunity, AC +3
a: no special abilities


You were on level 2 of the Dungeon.
You were hungry.

You visited 1 branch of the dungeon, and saw 2 of its levels.

You collected 34 gold pieces.

Inventory:

Hand Weapons
 a - a +0 flail (weapon)
Armour
 b - a +0 scale mail (worn)
 c - a +0 shield (worn)
 e - a +0 helmet (worn)
Jewellery
 m - a +2 ring of protection (left hand)
 n - a ring of see invisible (right hand)
Scrolls
 h - 2 scrolls of identify {unknown}
 i - a scroll of teleportation {unknown}
 l - a scroll of remove curse {unknown}
Potions
 d - 2 potions of might
 g - a potion of curing {unknown}
 j - a potion of resistance {unknown}
 k - a potion of haste
Comestibles
 f - 3 rations


   Skills:
 + Level 3.7 Fighting
 * Level 3.0 Maces & Flails
 + Level 3.7 Armour
 + Level 3.7 Shields


You had 2 spell levels left.
You didn't know any spells.
Your spell library was empty.

Dungeon Overview and Level Annotations

Branches:
Dungeon (2/15)

Altars:

Annotations:
D:2 Natasha


Innate Abilities, Weirdness & Mutations

You are resistant to torment.
Your stone body is resilient. (AC +3)
You are immune to poison.
You resist negative energy. (rN+)
You are resistant to electric shocks. (rElec)
You can survive without breathing.
You are immune to petrification.
You are immune to rotting.


Message History

The adder bites you but does no damage. Natasha barely misses you.
The adder bites you but does no damage.
Natasha extends her claws.
You block Natasha's attack. Natasha claws you.
* * * LOW HITPOINT WARNING * * *
Natasha barely misses you. You block the adder's attack.
Natasha mumbles some strange words.
There are monsters nearby!
You closely miss Natasha.
Natasha is heavily wounded.
You block the adder's attack. You block Natasha's attack.
The adder closely misses you. You block Natasha's attack.
The adder bites you but does no damage.
The crimson imp hits you but does no damage.
You block Natasha's attack.
You closely miss Natasha.
Natasha is heavily wounded.
You block the adder's attack. Natasha claws you.
You die...

..............# #.......+
#.........[...#####.......#
#............(#..[........#
#.............#.......######
.############.#....†.........
.# #.##............. .#
###'##............. ##
.#........#'######## #
.'.....@###.# # .#....5hS...#
# ##....?..$.# # #..........#
# #............
...............#
..#.............
..#............#
..#######....#


You could see Natasha, a crimson imp and an adder.

Vanquished Creatures
  Natasha (D:2)
  An ooze (D:1)
  A dart slug (D:1)
  A leopard gecko (D:2)
  4 giant cockroaches
  A goblin (D:1)
  3 hobgoblins
  5 bats
  A frilled lizard (D:2)
  6 rats (D:1)
24 creatures vanquished.

Notes
Turn   | Place    | Note
-------+----------+-------------------------------------------
     0 | D:1      | Henning the Gargoyle Fighter began the quest for the Orb.
     0 | D:1      | Reached XP level 1. HP: 14/14 MP: 1/1
    62 | D:1      | Reached XP level 2. HP: 19/19 MP: 2/2
   673 | D:2      | Noticed Natasha
   674 | D:2      | Reached XP level 3. HP: 23/23 MP: 3/3
   686 | D:2      | Killed Natasha
  1010 | D:2      | Noticed Natasha
  1026 | D:2      | HP: 1/24 [Natasha (3)]
  1028 | D:2      | Slain by Natasha

Levels and vault maps discovered:
D:1:      eino_arrival_tree_alley, layout_loops_ring, minmay_cupped
D:2:      cheibrodos_old_hovel, layout_basic, eat_drink_and_be_merry_uskayaw,
          first_ration, uniq_natasha, uniq_sigmund, uniq_jessica,
          uniq_crazy_yiuf_cottage

Skill      XL: |  1  2  3 |
---------------+----------+-----
Maces & Flails | 3 |  3.0
Fighting       | |  3.7
Armour         | |  3.7
Shields        | |  3.7

Action                   || total
-------------------------++-------
Melee: Flail             ||    97
Armor: Scale mail        ||    73
Dodge: Dodged            ||    49
Block: Shield            ||    69

Table legend:
 A = Non-vault XP
 B = Vault XP
 C = Vault XP percentage of total XP
 D = Non-vault monster count
 E = Vault monster count
 F = Vault count percentage of total count
                 A         B        C        D         E       F
            +---------+---------+-------+---------+---------+-------
      Total |      39 |      38 |  49.4 |      20 |       4 |  16.7
            +---------+---------+-------+---------+---------+-------
        D:1 |      29 |       3 |   9.4 |      15 |       2 |  11.8
        D:2 |      10 |      35 |  77.8 |       5 |       2 |  28.6
            +---------+---------+-------+---------+---------+-------
